 Dungeon Crawl Stone Soup version 0.31-a0-204-g7da18cac08 (webtiles) character file.

Game seed: 14983537765044573152

13 lunkers the Covered (level 2, -1/23 HPs)
             Began as a Meteoran Wanderer on June 27, 2023.
             Was an Initiate of Gozag.
             Slain by Terence
             ... wielding a +0 mace
              (4 damage)
             ... on level 2 of the Dungeon.
             The game lasted 00:01:53 (370 turns).

lunkers the Covered (Meteoran Wanderer)              Turns: 370, Time: 00:01:54

Health: -1/23      AC:  9    Str: 13    XL:     2   Next: 70%
Magic:  5/5        EV:  9    Int: 14    God:    Gozag
Gold:   24         SH:  0    Dex: 12    Spells: 2/3 levels left

rFire   . . .        a - +1 dagger
rCold   . . .        (no shield)
rNeg    . . .        c - +2 scale mail
rPois   .            (no helmet)
rElec   .            (no cloak)
rCorr   .            (no gloves)
SInv    .            (no boots)
Will    .....        (no amulet) Stlth
                     (no ring)
HPRegen 0.23/turn    (no ring)
MPRegen 0.09/turn

%: no passive effects
@: brilliant, gold aura, glowing, invisible (but backlit and visible)
A: sense surroundings 1, otherworldly, glowing, explore regen
a: Renounce Religion, Potion Petition, Call Merchant, Bribe Branch


You were on level 2 of the Dungeon.
You worshipped Gozag.
Gozag was noncommittal.
You visited 1 branch of the dungeon, and saw 2 of its levels.

You collected 24 gold pieces.

Inventory:

Hand Weapons
 a - a +1 dagger (weapon)
Missiles
 b - 8 boomerangs
Armour
 c - a +2 scale mail (worn)
Scrolls
 d - a scroll of blinking
 f - a scroll of poison {unknown}


   Skills:
 - Level 1.1 Fighting
 + Level 2.2 Short Blades
 - Level 2.4 Throwing
 - Level 4.8 Armour
 - Level 1.3 Spellcasting
 - Level 1.2 Transmutations
 - Level 1.2 Invocations


You had 2 spell levels left.
You knew the following spells:

 Your Spells              Type           Power      Damage    Failure   Level
p - Sting                 Tmut/Pois      12%        1d3       63%         1

Your spell library contained the following spells:

 Spells                   Type           Power      Damage    Failure   Level
 Wereblood                Tmut           6%         N/A       69%         2
 Sublimation of Blood     Necr           1%         N/A       85%         2
 Spider Form              Tmut/Pois      3%         N/A       94%         3
 Summon Hydra             Summ           0%         N/A       100%        7


Dungeon Overview and Level Annotations

Branches:
Dungeon (2/15) Zot: 832

Altars:
Gozag

Annotations:
D:2 Jessica, Terence


Innate Abilities, Weirdness & Mutations

You passively map a small area around you.
You are easily found by Zot.
You glow in the dark.
You regain HP and MP as you explore.


Message History

The kobold throws a stone.
The stone hits you but does no damage. The kobold hits you but does no damage.
Terence hits you but does no damage.
You hit the kobold but do no damage.
The kobold is moderately wounded.
The kobold hits you but does no damage. Terence hits you but does no damage.
Okay, then.
You aren't carrying any potions.
As you read the scroll labelled CADEMPA DYQE, it crumbles to dust.
It is a scroll of enchant weapon.
Your +0 dagger glows red for a moment.
The kobold hits you with a +0 club.
* * * LOW HITPOINT WARNING * * *
The kobold hits you with a +0 dagger.
* * * LOW HITPOINT WARNING * * *
Terence hits you with a +0 mace.
* * * LOW HITPOINT WARNING * * *
You barely miss the kobold.
The kobold is moderately wounded.
The kobold hits you but does no damage. x2
Terence hits you but does no damage.
You closely miss the kobold.
The kobold is moderately wounded.
Unknown command.
You barely miss the kobold.
The kobold is moderately wounded.
The kobold hits you with a +0 dagger.
* * * LOW HITPOINT WARNING * * *
The kobold barely misses you.
Terence screams, "I'm going to kill you!"
Terence barely misses you.
You hit the kobold.
The kobold is heavily wounded.
The kobold hits you but does no damage. The kobold hits you with a +0 club.
* * * LOW HITPOINT WARNING * * *
Terence barely misses you.
You hit the kobold.
You kill the kobold!
The kobold hits you but does no damage. Terence hits you but does no damage.
The kobold closely misses you. Terence hits you with a +0 mace.
You die...
Your body crumbles into a pile of gold.

##### #.@.#
#.@K# * #..@#
* ##.$.######
, #...........
#........... ,
* #...!.......
, , ,
....(........
##............


You could see Terence, Jessica and a kobold.

Vanquished Creatures
  2 endoplasms (D:1)
  A giant cockroach (D:1)
  2 goblins (D:1)
  2 hobgoblins (D:1)
  A ball python (D:2)
  A bat (D:1)
  2 kobolds
11 creatures vanquished.

Notes
Turn   | Place    | Note
-------+----------+-------------------------------------------
     0 | D:1      | lunkers the Meteoran Wanderer began the quest for the Orb.
     0 | D:1      | lunkers set off with the following items: a +0 dagger, 8
                  | boomerangs, a +2 scale mail, a scroll of blinking; and the
                  | following spell memorised: Sting; and the following spells
                  | available to memorise: Spider Form.
     0 | D:1      | Reached XP level 1. HP: 16/16 MP: 3/3
    89 | D:1      | Reached skill level 1 in Short Blades
    93 | D:1      | Reached XP level 2. HP: 17/23 MP: 5/5
   322 | D:1      | Found a faded altar of an unknown god.
   325 | D:1      | Prayed at the altar of an unknown god.
   325 | D:1      | Became a worshipper of Gozag Ym Sagoz the Greedy
   346 | D:2      | Noticed Terence
   346 | D:2      | Noticed Jessica
   370 | D:2      | Slain by Terence

Illustrated notes

Levels and vault maps discovered:
D:1:      lightli_iron_boxes, layout_rooms,
          shapermc_ecumenical_altar_mp_vishouse, minmay_tetromino_t4
D:2:      layout_basic, serial_shops, shop, uniq_terence, uniq_jessica

Skill      XL: |  1  2 |
---------------+-------+-----
Short Blades   | 1 2 |  2.2
Fighting       | |  1.1
Throwing       | |  2.4
Armour         | |  4.8
Spellcasting   | |  1.3
Transmutations | |  1.2
Invocations    | |  1.2

Action                     || total
---------------------------++-------
  Melee: Dagger            ||    49
         Punch             ||     2
    Use: Potion            ||     2
         Scroll            ||     1
 Armour: Scale mail        ||    42
  Dodge: Dodged            ||    14

Table legend: (Time is in decaauts)
 A = Elapsed time spent in this place.
 B = Non-inter-level travel time spent in this place.
 C = Inter-level travel time spent in this place.
 D = Time resting spent in this place.
 E = Time spent auto-exploring this place.
 F = Levels seen in this place.
 G = Mean time per level.
                   A        B        C        D        E       F      G
               +--------+--------+--------+--------+--------+-----+--------+
         Total |    366 |    356 |     10 |      0 |    253 |   2 |  183.0 |
       Dungeon |    366 |    356 |     10 |      0 |    253 |   2 |  183.0 |
               +--------+--------+--------+--------+--------+-----+--------+

Top non-repeatable levels by time:
     D:1: 337 daAuts
     D:2: 29 daAuts
